 Dungeon Crawl Stone Soup version 0.18-a0-1324-g13589fb (webtiles) character file.

795 Kel the Skirmisher (level 7, -1/48 HPs)
             Began as a Gargoyle Abyssal Knight on Feb 15, 2016.
             Was a Priest of Lugonu.
             Slain by a manticore (11 damage)
             ... on level 4 of the Dungeon.
             The game lasted 00:18:15 (3727 turns).

Kel the Skirmisher (Gargoyle Abyssal Knight)        Turns: 3727, Time: 00:18:15

Health: -1/48      AC: 21    Str: 20    XL:     7   Next: 89%
Magic:  9/9        EV:  6    Int: 12    God:    Lugonu [***...]
Gold:   42         SH:  0    Dex: 11    Spells: 1 memorised, 4 levels left

rFire  . . .     SeeInvis .     q - +0 war axe
rCold  . . .     Gourm    .     s - +0 plate armour
rNeg   + . .     Faith    .     (no shield)
rPois  ∞         Spirit   .     (helmet restricted)
rElec  +         Dismiss  .     c - +1 cloak {+Inv}
rCorr  .         Reflect  .     (no gloves)
SustAt .         Harm     .     (no boots)
MR     .....                    u - amulet of rage
Stlth  ..........               (no ring)
                                (no ring)

@: not resistant to hostile enchantments, extremely unstealthy
A: antennae 1, iridescent scales 1, negative energy resistance 1, regeneration
1, electricity resistance, strong 2, unbreathing, petrification resistance, rot
immunity, MP-powered wands, AC +4
a: Depart the Abyss, Bend Space, Banish, Renounce Religion, Evoke Berserk Rage,
Evoke Invisibility


You were on level 4 of the Dungeon.
You worshipped Lugonu.
Lugonu was most pleased with you.
You were hungry.

You visited 2 branches of the dungeon, and saw 5 of its levels.
You visited the Abyss 1 time.

You collected 249 gold pieces.
You spent 207 gold pieces at shops.

Inventory:

Hand Weapons
 d - a +1 dagger of venom
 i - a +3 dagger
 q - a +0 war axe (weapon)
Missiles
 a - 2 javelins
 h - 14 poisoned needles
 p - 6 poisoned javelins (quivered)
Armour
 c - a +1 cloak of invisibility (worn)
 e - a +0 helmet
 s - a +0 plate armour (worn)
Jewellery
 u - an amulet of rage (around neck)
Wands
 y - a wand of paralysis (12/24)
Scrolls
 k - 2 scrolls of identify
 l - a scroll of blinking {unknown}
 v - a scroll of fog {unknown}
 w - a scroll of enchant weapon {unknown}
 z - a scroll of amnesia {unknown}
Potions
 g - a potion of beneficial mutation {unknown}
 n - 2 potions of curing {unknown}
 o - a potion of flight {unknown}
 r - a potion of degeneration {unknown}
 t - a potion of heal wounds {unknown}
 x - 2 potions of haste {unknown}
Comestibles
 b - 5 bread rations
 f - a fruit
 j - a meat ration
 m - a beef jerky


   Skills:
 + Level 7.9 Fighting
 + Level 3.7 Axes
 - Level 2.1 Armour
 - Level 1.0 Dodging
 - Level 2.2 Unarmed Combat
 + Level 3.6 Invocations


You had 4 spell levels left.
You knew the following spells:

 Your Spells              Type           Power        Failure   Level  Hunger
a - Repel Missiles        Chrm/Air       #.....       100%        2    ###....


Dungeon Overview and Level Annotations

Branches:
Dungeon (4/15)             Temple (1/1) D:4

Altars:
Dithmenos
Nemelex Xobeh
Sif Muna
Yredelemnul

Shops:
D:4 *


Innate Abilities, Weirdness & Mutations

You are resistant to torment.
Your stone body is resilient (AC +4).
You are immune to poison.
You resist negative energy.
You are resistant to electric shocks.
You can survive without breathing.
You are immune to petrification.
You are immune to rotting.
You have a pair of small antennae on your head.
You are partially covered in iridescent scales (AC +4).
Your natural rate of healing is unusually fast.
Your muscles are very strong. (Str +4)
You expend magic power (3 MP) to strengthen your wands.


Message History

You completely miss the manticore.
The manticore is moderately wounded.
The manticore bites you! The manticore completely misses you.
The manticore claws you but does no damage.
The gnoll hits you with a whip.
* * * LOW HITPOINT WARNING * * *
The gnoll hits you but does no damage. x2
The manticore bites you but does no damage.
The manticore claws you but does no damage.
The manticore claws you.
* * * LOW HITPOINT WARNING * * *
Read which item? (? for menu, Esc to quit)
Okay, then.
Drink which item? (? for menu, Esc to quit)
Okay, then.
Press: ? - help, Shift-Dir - straight line, f - manticore
Aim: a manticore (moderately wounded, chance to defeat MR: 52%)
You fail to use your ability.
The gnoll barely misses you. The gnoll hits you but does no damage.
The manticore bites you!
You die...

#..............≈≈≈≈≈≈≈≈≈.....
#................≈≈≈≈≈......#
#........##........h........#
#.............###..........#.
#...........).# #..........'.
#.............###........###.
#####.####......)..........#.....
....#.# #.......#########.#<....
###.#.####.....H@#,,,,,,,#.#.....
#.#..........gg#,****#,#.#..#.#
#.#....#.......#,* #.#.#..#.#
###.#....#.......#,*####...#.....
.................#,,...........##
###.............g.,,.............
..................,,.............
≈≈≈≈≈≈≈≈≈≈≈≈≈≈≈≈..,,≈≈≈≈≈≈≈≈≈≈≈≈≈
≈≈≈≈≈≈≈≈≈≈≈≈≈≈≈≈,,,,≈≈≈≈≈≈≈≈≈≈≈≈≈


You could see a manticore and 3 gnolls.

Vanquished Creatures
  The ghost of Ultraviolent4 the Ruffian, a novice VSMo (D:4)
  The ghost of Wallaby3 the Bolt Thrower, an amateur KoAM (D:3)
  An ogre (D:4)
  A scorpion (D:4)
  2 hounds (D:4)
  A gnoll shaman (D:4)
  2 orc wizards (D:4)
  An iguana (D:4)
  A worker ant (D:4)
  3 gnolls (D:4)
  4 adders
  An adder skeleton (D:4)
  A worm (D:4)
  A giant gecko (D:1)
  8 orcs
  A giant cockroach (D:1)
  5 goblins
  11 hobgoblins
  14 jackals (D:4)
  4 kobolds
  3 bats
  A giant gecko skeleton (D:4)
  5 giant newts
  8 rats
81 creatures vanquished.

Notes
Turn   | Place    | Note
--------------------------------------------------------------
     0 | Abyss:1  | Kel the Gargoyle Abyssal Knight began the quest for the Orb.
     0 | Abyss:1  | Reached XP level 1. HP: 14/14 MP: 2/2
    22 | Abyss:1  | Found an iron altar of Okawaru.
    31 | Abyss:1  | Found a corrupted altar of Lugonu.
    83 | Abyss:1  | Noticed an orange demon
    83 | D:1      | Escaped the Abyss
   304 | D:1      | Gained mutation: Your muscles are strong. (Str +2) [potion of mutation]
   304 | D:1      | Gained mutation: Your natural rate of healing is unusually fast. [potion of mutation]
   304 | D:1      | Gained mutation: You expend magic power (3 MP) to strengthen your wands. [potion of mutation]
   347 | D:1      | Reached skill level 1 in Dodging
   402 | D:1      | Reached * piety under Lugonu
   402 | D:1      | Reached XP level 2. HP: 19/19 MP: 3/3
   830 | D:1      | Reached skill level 4 in Fighting
   932 | D:2      | Reached XP level 3. HP: 21/24 MP: 4/4
  1722 | D:3      | Found a sparkling altar of Nemelex Xobeh.
  1838 | D:3      | Reached ** piety under Lugonu
  1889 | D:3      | Noticed Wallaby3's ghost (amateur KoAM)
  1931 | D:3      | Killed Wallaby3's ghost
  1931 | D:3      | Reached skill level 6 in Fighting
  1931 | D:3      | Reached XP level 4. HP: 27/32 MP: 3/5
  1931 | D:3      | Reached XP level 5. HP: 30/36 MP: 3/6
  2320 | D:4      | Reached skill level 1 in Axes
  2328 | D:4      | Reached XP level 6. HP: 38/42 MP: 7/7
  2403 | D:4      | Found a staircase to the Ecumenical Temple.
  2450 | D:4      | Reached skill level 7 in Fighting
  2681 | D:4      | Learned a level 2 spell: Repel Missiles
  2715 | D:4      | Found a basalt altar of Yredelemnul.
  2949 | D:4      | Found Rachiac's Assorted Antiques.
  2952 | D:4      | Bought a potion of mutation for 62 gold pieces
  2952 | D:4      | Bought 2 yellow potions for 45 gold pieces
  2952 | D:4      | Gained mutation: You are partially covered in iridescent scales (AC +4). [potion of mutation]
  2952 | D:4      | Gained mutation: You have a pair of small antennae on your head. [potion of mutation]
  2952 | D:4      | Gained mutation: Your muscles are very strong. (Str +4) [potion of mutation]
  3033 | D:4      | Reached XP level 7. HP: 26/48 MP: 8/8
  3097 | D:4      | Found a deep blue altar of Sif Muna.
  3176 | D:4      | Noticed Ultraviolent4's ghost (novice VSMo)
  3208 | D:4      | Killed Ultraviolent4's ghost
  3253 | D:4      | Found a shadowy altar of Dithmenos.
  3476 | D:4      | Reached *** piety under Lugonu
  3641 | D:4      | Bought a tapered brass wand for 100 gold pieces
  3683 | Temple   | Entered the Ecumenical Temple
  3717 | D:4      | Noticed a manticore
  3727 | D:4      | Slain by a manticore

Vault maps used:
D:1:      minmay_arrival_three_doors
D:3:      nicolae_overflow_crystal_walls, first_bread
D:4:      lemuel_castle_with_subvaults, lemuel_crystal_altar,
          kennysheep_mini_moat, lemuel_round_altar, temple_pool_b, serial_shops,
          nicolae_shop_behind_doors
Temple:   minmay_temple_bridge_b_8

Action                   |  1- 3 |  4- 6 |  7- 9 || total
-------------------------+-------+-------+-------++-------
Melee: Unarmed           |    80 |       |       ||    80
       Dagger            |    95 |     6 |       ||   101
       War axe           |       |   102 |    81 ||   183
Invok: Depart the Abyss  |     1 |       |       ||     1
 Abil: Evoke Invisibilit |     1 |       |       ||     1
       Evoke Berserk Rag |       |     1 |       ||     1
  Use: Potion            |     2 |     1 |       ||     3
       Scroll            |     3 |     3 |       ||     6
 Stab: Invisible         |     1 |       |       ||     1
  Eat: Chunk             |     3 |     5 |     1 ||     9
       Fruit             |       |       |     2 ||     2
